[Event "Irish Championship 2020"]
[Site "Dublin"]
[Date "2020.08.02"]
[Round "2.7"]
[White "Collins, Adam"]
[Black "Putar, Leon"]
[Result "1/2-1/2"]
[ECO "C00"]
[WhiteElo "1760"]
[BlackElo "1894"]
[Annotator "NA"]
[PlyCount "62"]
[EventDate "2020.08.01"]
[EventType "swiss"]
[EventCountry "IRL"]
[SourceTitle "playchess.com"]
[Source "ChessBase"]
[SourceQuality "1"]
[TimeControl "8100+35"]

1. e4 e6 2. b3 d5 3. Bb2 dxe4 4. Nc3 Nf6 5. Qe2 Be7 6. O-O-O c5 {[%emt 0:03:14] C00: French: Unusual White 2nd moves.} 7. Nxe4 Nc6 8. Nf3 Nxe4 (8... Bd7 $11 {keeps the balance.}) 9. Qxe4 Bf6 10. d4 {[%emt 0:08:38] [#]} Qa5 $146 ({Predecessor:} 10... Qb6 11. d5 Bxb2+ 12. Kxb2 Ne7 13. dxe6 Bxe6 14. Ne5 O-O 15. Nd7 Bxd7 16. Rxd7 Qf6+ {1-0 (27) Singh,G (2293)-Walton,A (2158) Edinburgh 2003}) 11. Kb1 Nb4 (11... Bd7 $14) 12. a3 Nd5 13. Qd3 (13. Ne5 $16) 13... Bd7 14. c4 Nb6 15. Ka2 cxd4 16. Bxd4 Be7 17. b4 Qa4 18. Bc5 Bf6 (18... Bc6 $15 19. Bxe7 Kxe7) 19. b5 (19. Rc1 $11) 19... Bxb5 20. cxb5 Rd8 21. Nd4 Rd5 22. Bxb6 axb6 23. Qb3 Qxb3+ 24. Kxb3 Rxd4 25. Be2 Ke7 26. Bf3 Rhd8 27. Rxd4 Rxd4 28. Rd1 $17 Kd6 29. a4 Kc5 (29... Be5 $17 30. g3 g6) 30. Rc1+ Kd6 31. Bxb7 Kd7 1/2-1/2

[Event "Irish Championship 2020"]
[Site "Dublin"]
[Date "2020.08.04"]
[Round "4.8"]
[White "Venkatesan, Kavin"]
[Black "Jackson, Carl"]
[Result "1-0"]
[ECO "A40"]
[WhiteElo "1946"]
[BlackElo "2021"]
[Annotator "RC"]
[PlyCount "65"]
[EventDate "2020.08.01"]
[EventType "swiss"]
[EventCountry "IRL"]
[SourceTitle "playchess.com"]
[Source "ChessBase"]
[SourceQuality "1"]
[TimeControl "8100+35"]

1. d4 e6 2. c4 b6 3. e4 Bb7 4. Bd3 Bb4+ 5. Nc3 f5 6. Qh5+ g6 7. Qe2 Nf6 8. Bg5 O-O 9. f3 Be7 10. Bh6 Re8 11. Qd2 Nc6 12. Nge2 Nb4 13. O-O c5 14. d5 Nxd3 15. Qxd3 fxe4 16. fxe4 Ng4 17. Bf4 e5 18. h3 exf4 19. hxg4 g5 20. Rf3 Bf6 21. Rh3 Be5 22. Kf2 Qf6 23. Rah1 Re7 24. Rh6 Bd4+ 25. Nxd4 Qxd4+ 26. Qxd4 cxd4 27. Nb5 Rc8 28. Nd6 Rc7 29. R1h5 Ba6 30. Rxg5+ Kh8 31. Rf6 h6 32. Rxh6+ Rh7 33. Nf7# 1-0

[Event "Irish Championship 2020"]
[Site "Dublin"]
[Date "2020.08.04"]
[Round "4.14"]
[White "McHugh, Kevin"]
[Black "Putar, Lara"]
[Result "0-1"]
[ECO "C06"]
[WhiteElo "2010"]
[BlackElo "1834"]
[Annotator "RC"]
[PlyCount "46"]
[EventDate "2020.08.01"]
[EventType "swiss"]
[EventCountry "IRL"]
[SourceTitle "playchess.com"]
[Source "ChessBase"]
[SourceQuality "1"]
[TimeControl "8100+35"]

1. e4 e6 2. d4 d5 3. Nd2 Nf6 4. e5 Nfd7 5. Bd3 c5 6. c3 Nc6 7. Ne2 cxd4 8. cxd4 f6 9. exf6 Nxf6 10. Nf3 Bd6 11. O-O Qc7 12. Nc3 a6 13. Bg5 O-O 14. Bh4 Nh5 15. Rc1 g6 16. Re1 Qg7 17. Bb1 Bd7 18. Na4 Rxf3 19. Qxf3 Qxd4 20. g4 Qxa4 21. Bg5 Ng7 22. b3 Qb4 23. Bf6 Qf4 0-1

[Event "Irish Championship 2020"]
[Site "Dublin"]
[Date "2020.08.05"]
[Round "5.14"]
[White "Putar, Leon"]
[Black "Byrne, Alex"]
[Result "1-0"]
[ECO "C19"]
[WhiteElo "1894"]
[BlackElo "1976"]
[Annotator "ChessBase"]
[PlyCount "133"]
[EventDate "2020.08.01"]
[EventType "swiss"]
[EventCountry "IRL"]
[SourceTitle "playchess.com"]
[Source "ChessBase"]
[SourceQuality "1"]
[TimeControl "8100+35"]

1. e4 e6 2. d4 d5 3. Nc3 Bb4 4. e5 c5 5. a3 Bxc3+ 6. bxc3 Ne7 7. Nf3 b6 8. Bd3 Ba6 9. O-O h6 10. a4 c4 11. Be2 Nbc6 12. Ba3 Qd7 13. h3 O-O-O 14. a5 b5 15. Qd2 g5 16. Nh2 Ng6 17. Ng4 Nce7 18. Nf6 Qc7 19. Bh5 Ng8 20. g3 Nxf6 21. exf6 Rhg8 22. Bc5 Rde8 23. Qe3 Nf4 24. Bf3 Nxh3+ 25. Kh2 g4 26. Bxg4 Nxf2 27. Rxf2 Rxg4 28. Rf4 Rg5 29. Be7 Reg8 30. Rf3 Bb7 31. a6 Bc6 32. Rg1 e5 33. dxe5 Rxe5 34. Qd4 Re4 35. Qf2 Rg5 36. Rf5 d4 37. Rg2 Rxf5 38. Qxf5+ Qd7 39. Qxd7+ Kxd7 40. Rd2 Ke6 41. cxd4 c3 42. Rf2 Rxd4 43. Bc5 Rd1 44. g4 Rd2 45. Bxa7 Kd5 46. Kg3 Rxf2 47. Kxf2 Ke4 48. Be3 Ke5 49. Bxh6 Kxf6 50. Ke3 Ke5 51. Bg7+ Kd5 52. Bxc3 Ba8 53. a7 Bb7 54. Bb4 Ba8 55. c3 Bb7 56. g5 Ba8 57. Kf4 Ke6 58. Kg4 Bd5 59. Kh5 Bf3+ 60. Kh6 Bb7 61. Kg7 Bd5 62. Kf8 Kf5 63. Be7 Ke6 64. Ke8 Ba8 65. Kd8 Be4 66. Bf6 Kd6 67. Kc8 1-0

[Event "Irish Championship 2020"]
[Site "Dublin"]
[Date "2020.08.06"]
[Round "6.1"]
[White "Daly, Colm"]
[Black "Murray, David"]
[Result "1-0"]
[ECO "A34"]
[WhiteElo "2248"]
[BlackElo "2152"]
[Annotator "RC"]
[PlyCount "49"]
[EventDate "2020.08.01"]
[EventType "swiss"]
[EventCountry "IRL"]
[SourceTitle "playchess.com"]
[Source "ChessBase"]
[SourceQuality "1"]
[TimeControl "8100+35"]

1. Nf3 Nf6 2. c4 c5 3. Nc3 Nc6 4. g3 d5 5. d4 cxd4 6. Nxd4 e5 7. Nxc6 bxc6 8. cxd5 cxd5 9. Bg2 Be6 10. O-O Rc8 11. Bg5 d4 12. Ne4 Be7 13. Nxf6+ Bxf6 14. Bxf6 gxf6 15. Qd2 h5 16. e3 h4 17. Rfc1 hxg3 18. hxg3 Ke7 19. Rxc8 Bxc8 20. Rc1 Qd6 21. Rc6 Qd8 22. Qb4+ Ke8 23. Rd6 Bd7 24. Bc6 a5 25. Qb7 1-0

[Event "Irish Championship 2020"]
[Site "Dublin"]
[Date "2020.08.06"]
[Round "6.8"]
[White "Casey, Eoghan"]
[Black "Putar, Leon"]
[Result "0-1"]
[ECO "A45"]
[WhiteElo "1954"]
[BlackElo "1894"]
[Annotator "RC"]
[PlyCount "64"]
[EventDate "2020.08.01"]
[EventType "swiss"]
[EventCountry "IRL"]
[SourceTitle "playchess.com"]
[Source "ChessBase"]
[SourceQuality "1"]
[TimeControl "8100+35"]

1. d4 Nf6 2. Bf4 g6 3. Nc3 d5 4. e3 Bg7 5. h4 h5 6. Nf3 O-O 7. Ne5 c5 8. Be2 Nc6 9. Qd2 Bf5 10. g4 hxg4 11. h5 Nxh5 12. Rxh5 gxh5 13. O-O-O cxd4 14. exd4 Nxe5 15. dxe5 Rc8 16. Bd3 Bxd3 17. Qxd3 e6 18. Rh1 h4 19. Bg3 Qg5+ 20. Kb1 h3 21. f3 f5 22. exf6 Rxf6 23. fxg4 Qxg4 24. Rg1 Rf3 25. Qe2 Rxg3 26. Rxg3 Qxg3 27. Qxe6+ Kh7 28. Qf5+ Kh6 29. Qe6+ Qg6 30. Qxh3+ Qh5 31. Qe3+ Kh7 32. Qd3+ Kh8 0-1

[Event "Irish Championship 2020"]
[Site "Dublin"]
[Date "2020.08.06"]
[Round "6.11"]
[White "Collins, Adam"]
[Black "Moran, Darragh"]
[Result "1-0"]
[ECO "A01"]
[WhiteElo "1760"]
[BlackElo "1873"]
[Annotator "NA RC"]
[PlyCount "95"]
[EventDate "2020.08.01"]
[EventType "swiss"]
[EventCountry "IRL"]
[SourceTitle "playchess.com"]
[Source "ChessBase"]
[SourceQuality "1"]
[TimeControl "8100+35"]

1. b3 d5 2. Bb2 Bg4 3. g3 Nd7 4. Bg2 Ngf6 5. d3 e5 6. Nd2 {[%emt 0:00:00] A01: Nimzowitsch-Larsen Opening.} Bd6 {[%emt 0:00:12] [#]} 7. h3 $146 ({Predecessor:} 7. c4 c6 8. Qc2 O-O 9. Ngf3 Re8 10. h3 Bxf3 11. exf3 Nc5 12. O-O Qd7 13. d4 exd4 14. Bxd4 {1-0 (27) Leskovar,M (2273)-Fernandez,J (1994) Mar de Ajo 2017}) 7... Be6 8. e3 O-O 9. Ne2 Qe7 10. a3 Rfe8 11. O-O Rac8 12. Nf3 c6 13. Ng5 Bf5 14. Nf3 h6 15. Re1 e4 16. dxe4 dxe4 ({Of course not} 16... Qxe4 $6 17. Nfd4 $14) 17. Ned4 Bh7 18. Nd2 Ne5 19. Qe2 a6 20. b4 c5 21. bxc5 Rxc5 22. a4 Rc7 23. Red1 Rec8 24. a5 Bb4 25. Rdb1 Qc5 26. Ra4 g5 $2 (26... Bxd2 $15 {keeps the upper hand.} 27. Qxd2 {[#]} Nf3+ $1 28. Nxf3 exf3 29. Bxf6 fxg2) 27. N4b3 Qxc2 28. Rxb4 Nd3 29. Rb6 Nxb2 30. Rxf6 Nc4 31. Rxh6 Nxd2 32. Nxd2 Rd8 33. Rd1 Rcd7 (33... Bg6 $142 34. Rxg6+ {[%mdl 64] Remove Defender} fxg6 35. Bxe4 Qb2) 34. Rxh7 Rxd2 35. Rxd2 Rxd2 {[%emt 0:00:35] [#]} 36. Qh5 $1 {[%emt 0:00:12] Double Attack} Qd1+ 37. Kh2 Qxh5 38. Rxh5 f6 39. Bxe4 Rxf2+ 40. Kg1 Re2 41. Bxb7 Rxe3 $18 42. Bxa6 Rxg3+ 43. Kf2 Ra3 44. Bc4+ Kg7 45. a6 Rc3 46. Be2 Rc8 47. Bd3 Rd8 48. a7 1-0

[Event "Irish Championship 2020"]
[Site "Dublin"]
[Date "2020.08.07"]
[Round "7.1"]
[White "Daly, Colm"]
[Black "Delaney, Killian"]
[Result "1-0"]
[ECO "D28"]
[WhiteElo "2248"]
[BlackElo "2314"]
[Annotator "ChessBase"]
[PlyCount "79"]
[EventDate "2020.08.01"]
[EventType "swiss"]
[EventCountry "IRL"]
[SourceTitle "playchess.com"]
[Source "ChessBase"]
[SourceQuality "1"]
[TimeControl "8100+35"]

1. d4 d5 2. c4 dxc4 3. Nf3 Nf6 4. e3 e6 5. Bxc4 a6 6. O-O b5 7. Bd3 Bb7 8. a4 b4 9. Qe2 c5 10. Nbd2 Nbd7 11. e4 cxd4 12. e5 Nd5 13. Ne4 Qc7 14. Re1 Be7 15. Neg5 h6 16. Nxe6 fxe6 17. Bg6+ Kd8 18. Nxd4 Nf8 19. Bf7 Bc5 20. Nxe6+ Nxe6 21. Bxe6 Rf8 22. Be3 Nxe3 23. fxe3 Qxe5 24. Rad1+ Ke8 25. Qg4 Bd6 26. Rxd6 Qxd6 27. Rd1 Qxd1+ 28. Qxd1 Rd8 29. Qh5+ Ke7 30. Bb3 Rf6 31. Qg4 Bd5 32. Qxb4+ Kf7 33. Qb7+ Ke6 34. Qxa6+ Ke5 35. Qa5 Rfd6 36. h3 Ke4 37. Qb4+ Kxe3 38. Qc3+ Kf4 39. Bxd5 Rxd5 40. Qxg7 1-0

[Event "Irish Championship 2020"]
[Site "Dublin"]
[Date "2020.08.07"]
[Round "7.2"]
[White "O`Gorman, Tom"]
[Black "Brady, Stephen"]
[Result "1/2-1/2"]
[ECO "B07"]
[WhiteElo "2345"]
[BlackElo "2290"]
[Annotator "ChessBase"]
[PlyCount "81"]
[EventDate "2020.08.01"]
[EventType "swiss"]
[EventCountry "IRL"]
[SourceTitle "playchess.com"]
[Source "ChessBase"]
[SourceQuality "1"]
[TimeControl "8100+35"]

1. e4 d6 2. d4 Nf6 3. Nc3 g6 4. Be3 Bg7 5. Qd2 O-O 6. O-O-O c6 7. f3 b5 8. Bh6 Qa5 9. h4 b4 10. Nb1 Nbd7 11. Bxg7 Kxg7 12. h5 Rh8 13. hxg6 hxg6 14. Rxh8 Kxh8 15. Bc4 Kg7 16. Ne2 Ba6 17. Rh1 Ng8 18. Bxa6 Qxa6 19. g4 c5 20. Nf4 cxd4 21. Nd5 Rc8 22. Nxe7 Nxe7 23. Qh6+ Kf6 24. g5+ Ke6 25. Qh3+ f5 26. gxf6+ Kxf6 27. Qxd7 Qc6 28. Qxc6 Nxc6 29. f4 Na5 30. Rh3 Nc4 31. Rd3 Rh8 32. Rxd4 Rh1+ 33. Rd1 Rxd1+ 34. Kxd1 Nxb2+ 35. Ke2 g5 36. fxg5+ Kxg5 37. Ke3 Nd1+ 38. Ke2 Nb2 39. Ke3 Nd1+ 40. Ke2 Nb2 41. Ke3 1/2-1/2

[Event "Irish Championship 2020"]
[Site "Dublin"]
[Date "2020.08.07"]
[Round "7.3"]
[White "Kanyamarala, Tarun"]
[Black "O`Donnell, Conor"]
[Result "0-1"]
[ECO "C11"]
[WhiteElo "2381"]
[BlackElo "2304"]
[Annotator "ChessBase"]
[PlyCount "76"]
[EventDate "2020.08.01"]
[EventType "swiss"]
[EventCountry "IRL"]
[SourceTitle "playchess.com"]
[Source "ChessBase"]
[SourceQuality "1"]
[TimeControl "8100+35"]

1. e4 e6 2. Nc3 d5 3. Nf3 Nf6 4. e5 Nfd7 5. d4 c5 6. dxc5 Nc6 7. Bf4 Nxc5 8. a3 f6 9. Bb5 Be7 10. O-O O-O 11. Bxc6 bxc6 12. Qd2 a5 13. Rfe1 Bd7 14. Nd4 f5 15. Re3 Qb6 16. Rg3 Rf7 17. Rb1 Qc7 18. Nde2 a4 19. Be3 Qxe5 20. Bd4 Qc7 21. f4 Bd6 22. Rf1 Raf8 23. Qe3 Ne4 24. Nxe4 fxe4 25. Bb6 Qb8 26. Rd1 e5 27. fxe5 Bxe5 28. c4 Bxg3 29. Nxg3 Be6 30. Bc5 Re8 31. cxd5 Bxd5 32. Re1 Qxb2 33. Bd4 Qc2 34. Nh5 Re6 35. Nf4 Ree7 36. Qg3 e3 37. Nh5 Qf5 38. Nxg7 Qf2+ 0-1

[Event "Irish Championship 2020"]
[Site "Dublin"]
[Date "2020.08.07"]
[Round "7.4"]
[White "Fitzsimons, David"]
[Black "Peoples, Jonathon"]
[Result "1-0"]
[ECO "B23"]
[WhiteElo "2334"]
[BlackElo "1932"]
[Annotator "ChessBase"]
[PlyCount "45"]
[EventDate "2020.08.01"]
[EventType "swiss"]
[EventCountry "IRL"]
[SourceTitle "playchess.com"]
[Source "ChessBase"]
[SourceQuality "1"]
[TimeControl "8100+35"]

1. e4 c5 2. Nc3 Nc6 3. Bb5 e6 4. Bxc6 bxc6 5. d3 d5 6. f4 Nf6 7. Nf3 Be7 8. O-O Ba6 9. e5 Nd7 10. Qe2 c4 11. d4 c5 12. Be3 Qb6 13. Rab1 O-O 14. Qf2 Rac8 15. Kh1 f6 16. exf6 Bxf6 17. dxc5 Qc6 18. Qe2 Rce8 19. Nd4 Bxd4 20. Bxd4 Nxc5 21. Qe5 Rf7 22. Bxc5 Qxc5 23. Ne4 1-0

[Event "Irish Championship 2020"]
[Site "Dublin"]
[Date "2020.08.07"]
[Round "7.5"]
[White "Wallace, John Paul"]
[Black "Murray, David"]
[Result "1-0"]
[ECO "B57"]
[WhiteElo "2346"]
[BlackElo "2152"]
[Annotator "ChessBase"]
[PlyCount "87"]
[EventDate "2020.08.01"]
[EventType "swiss"]
[EventCountry "IRL"]
[SourceTitle "playchess.com"]
[Source "ChessBase"]
[SourceQuality "1"]
[TimeControl "8100+35"]

1. e4 c5 2. Nf3 d6 3. d4 cxd4 4. Nxd4 Nf6 5. Nc3 Nc6 6. Bc4 Qb6 7. Nb3 a6 8. O-O e6 9. a4 Be7 10. Kh1 Qc7 11. f4 O-O 12. Be3 b6 13. Bd3 Bb7 14. Qe1 Rfd8 15. Qg3 Rac8 16. f5 exf5 17. Rxf5 Ne5 18. Raf1 Kh8 19. Bd4 Rg8 20. Nd2 Nfd7 21. Nf3 Nxf3 22. Qxf3 Ne5 23. Bxe5 dxe5 24. Rxf7 Qd6 25. Nd5 Rce8 26. Rxe7 Rxe7 27. Nxe7 Qxe7 28. Qf7 Qxf7 29. Rxf7 Bc6 30. b3 Rd8 31. Kg1 h6 32. Re7 b5 33. a5 Kg8 34. Rxe5 Kf7 35. Kf2 Rd6 36. Ke3 Kf6 37. Rc5 Re6 38. b4 Bb7 39. Rc7 Bc6 40. Ra7 Be8 41. c4 g5 42. cxb5 Bxb5 43. Bxb5 axb5 44. Rb7 1-0

[Event "Irish Championship 2020"]
[Site "Dublin"]
[Date "2020.08.07"]
[Round "7.6"]
[White "Melaugh, Shane"]
[Black "Kanyamarala, Trisha"]
[Result "0-1"]
[ECO "D13"]
[WhiteElo "2161"]
[BlackElo "2193"]
[Annotator "ChessBase"]
[PlyCount "70"]
[EventDate "2020.08.01"]
[EventType "swiss"]
[EventCountry "IRL"]
[SourceTitle "playchess.com"]
[Source "ChessBase"]
[SourceQuality "1"]
[TimeControl "8100+35"]

1. c4 c6 2. Nc3 d5 3. cxd5 cxd5 4. d4 Nf6 5. Nf3 Nc6 6. e3 Bg4 7. Qb3 Rb8 8. Ne5 Bd7 9. Nxd5 Qa5+ 10. Nc3 Nxe5 11. dxe5 Qxe5 12. Bc4 e6 13. O-O Bd6 14. f4 Qc5 15. Nb5 O-O 16. Nxd6 Qxd6 17. Rd1 Qc7 18. Bd2 b5 19. Be2 b4 20. a3 bxa3 21. Qxa3 Qc2 22. b4 Bb5 23. Ra2 Qf5 24. Bf3 a6 25. Bc3 Rfd8 26. Rad2 Rxd2 27. Rxd2 Ne4 28. Rd4 Nxc3 29. Qxc3 h6 30. Qc7 Rf8 31. e4 Qf6 32. e5 Qh4 33. Qc3 Rd8 34. g3 Qe7 35. Qc5 Qxc5 0-1

[Event "Irish Championship 2020"]
[Site "Dublin"]
[Date "2020.08.07"]
[Round "7.7"]
[White "Lyons, Brendan"]
[Black "Melaugh, Gavin"]
[Result "0-1"]
[ECO "B23"]
[WhiteElo "1941"]
[BlackElo "2003"]
[Annotator "ChessBase"]
[PlyCount "76"]
[EventDate "2020.08.01"]
[EventType "swiss"]
[EventCountry "IRL"]
[SourceTitle "playchess.com"]
[Source "ChessBase"]
[SourceQuality "1"]
[TimeControl "8100+35"]

1. e4 c5 2. Nc3 g6 3. f4 Bg7 4. Nf3 Nc6 5. Bc4 e6 6. O-O Nge7 7. f5 gxf5 8. d3 O-O 9. Qe1 d5 10. Bb3 c4 11. exd5 cxb3 12. dxc6 bxc2 13. Bg5 bxc6 14. Qg3 f6 15. Bh6 Rf7 16. d4 Ng6 17. Be3 e5 18. dxe5 fxe5 19. Qf2 f4 20. Bc5 Bf5 21. h4 Rb7 22. h5 Rxb2 23. Qe1 Qa5 24. Bd6 e4 25. Nxe4 Qxe1 26. Raxe1 Bxe4 27. Rxe4 Rb1 28. Ree1 Rxe1 29. Rxe1 Bb2 30. hxg6 c1=Q 31. gxh7+ Kxh7 32. Rxc1 Bxc1 33. Ng5+ Kg6 34. Ne6 Be3+ 35. Kf1 Kf5 36. Ng7+ Ke4 37. Nh5 Rd8 38. Nf6+ Kf5 0-1

[Event "Irish Championship 2020"]
[Site "Dublin"]
[Date "2020.08.07"]
[Round "7.8"]
[White "Putar, Leon"]
[Black "Venkatesan, Kavin"]
[Result "0-1"]
[ECO "B50"]
[WhiteElo "1894"]
[BlackElo "1946"]
[Annotator "ChessBase"]
[PlyCount "86"]
[EventDate "2020.08.01"]
[EventType "swiss"]
[EventCountry "IRL"]
[SourceTitle "playchess.com"]
[Source "ChessBase"]
[SourceQuality "1"]
[TimeControl "8100+35"]

1. e4 c5 2. Nf3 d6 3. c3 Nf6 4. h3 Nc6 5. Bd3 Qc7 6. Bc2 d5 7. exd5 Nxd5 8. O-O e6 9. d4 cxd4 10. cxd4 Be7 11. Nc3 Nf6 12. Ne5 O-O 13. Bf4 Rd8 14. Nxc6 Qxc6 15. Rc1 b5 16. Ne4 Nxe4 17. f3 Nc3 18. Be4 Qxe4 19. fxe4 Nxd1 20. Rfxd1 Kf8 21. d5 exd5 22. exd5 Bd6 23. Bxd6+ Rxd6 24. Rc5 a6 25. Kf2 Bb7 26. Ke3 Rad8 27. Ke4 Re8+ 28. Kf4 f6 29. b4 Red8 30. Ke4 g5 31. g4 Re8+ 32. Kd4 Rxd5+ 33. Rxd5 Bxd5 34. Rf1 Bxa2 35. Rxf6+ Kg7 36. Rxa6 Bc4 37. Rb6 Bf1 38. Rb7+ Kg8 39. Rb6 Kf7 40. Rh6 Kg7 41. Rb6 Re7 42. Rb8 h6 43. Rb6 Bxh3 0-1

[Event "Irish Championship 2020"]
[Site "Dublin"]
[Date "2020.08.07"]
[Round "7.9"]
[White "Flynn, Jacob"]
[Black "Collins, Sam E."]
[Result "0-1"]
[ECO "E93"]
[WhiteElo "2114"]
[BlackElo "2459"]
[Annotator "ChessBase"]
[PlyCount "79"]
[EventDate "2020.08.01"]
[EventType "swiss"]
[EventCountry "IRL"]
[SourceTitle "playchess.com"]
[Source "ChessBase"]
[SourceQuality "1"]
[TimeControl "8100+35"]

1. d4 Nf6 2. c4 g6 3. Nc3 Bg7 4. e4 d6 5. Nf3 O-O 6. Be2 Nbd7 7. Be3 e5 8. d5 Ng4 9. Bg5 f6 10. Bh4 a5 11. Nd2 Nh6 12. a3 g5 13. Bg3 f5 14. exf5 Nf6 15. Nde4 Nxe4 16. Nxe4 Nxf5 17. O-O Qe7 18. Rc1 b6 19. Bg4 a4 20. Re1 Bd7 21. f3 Be8 22. Bf2 Bg6 23. Nc3 h5 24. Bxf5 Rxf5 25. Nxa4 Raf8 26. Be3 h4 27. h3 Bh5 28. Nc3 Qd7 29. Rc2 Rxf3 30. gxf3 Rxf3 31. Qd3 Rg3+ 32. Rg2 Qxh3 33. Rxg3 Qxg3+ 34. Kf1 Qf3+ 35. Kg1 Qg3+ 36. Kf1 Qh3+ 37. Kg1 Bf3 38. Re2 g4 39. Bg5 Qg3+ 40. Kf1 0-1

[Event "Irish Championship 2020"]
[Site "Dublin"]
[Date "2020.08.07"]
[Round "7.10"]
[White "O'Connor, Jonathan"]
[Black "Collins, Adam"]
[Result "1/2-1/2"]
[ECO "D23"]
[WhiteElo "2159"]
[BlackElo "1760"]
[Annotator "ChessBase"]
[PlyCount "141"]
[EventDate "2020.08.01"]
[EventType "swiss"]
[EventCountry "IRL"]
[SourceTitle "playchess.com"]
[Source "ChessBase"]
[SourceQuality "1"]
[TimeControl "8100+35"]

1. d4 d5 2. c4 c6 3. Nf3 Nf6 4. Qb3 dxc4 5. Qxc4 Bf5 6. g3 e6 7. Bg2 h6 8. O-O Nbd7 9. Rd1 Be7 10. e3 O-O 11. Qe2 Qb6 12. Nc3 Rfe8 13. b3 Rad8 14. Bb2 Bh7 15. Rac1 Nd5 16. Na4 Qb5 17. Qxb5 cxb5 18. Nc3 Nxc3 19. Rxc3 Be4 20. Ne1 Bxg2 21. Nxg2 Rc8 22. Rdc1 Nb6 23. Nf4 Bd6 24. Nd3 f6 25. Kf1 Kf7 26. e4 f5 27. f3 g5 28. Ke2 h5 29. Rxc8 Rxc8 30. Rxc8 Nxc8 31. Bc1 Kg6 32. Bd2 b6 33. Bb4 Bc7 34. Ke3 a5 35. Bc3 Ne7 36. Be1 Kf7 37. h3 Nc6 38. d5 exd5 39. exd5 Ne5 40. g4 hxg4 41. hxg4 Kg6 42. Bc3 Nf7 43. Bd4 Nh6 44. Be5 Bd8 45. Nf2 Nf7 46. Bb8 Be7 47. Nd3 Bd8 48. d6 Kf6 49. Kd4 fxg4 50. fxg4 Ke6 51. Bc7 Bf6+ 52. Ke4 Nxd6+ 53. Bxd6 Kxd6 54. Kf5 Bd8 55. Ne5 Kc5 56. a3 a4 57. bxa4 bxa4 58. Ke4 Bc7 59. Nf3 Bf4 60. Kd3 Bc1 61. Kc3 b5 62. Kc2 Bxa3 63. Nxg5 b4 64. Ne4+ Kd4 65. Nd2 Kd5 66. g5 Ke6 67. Nc4 b3+ 68. Kc3 Bc1 69. Kb4 Kd5 70. g6 Bh6 71. Nb6+ 1/2-1/2

[Event "Irish Championship 2020"]
[Site "Dublin"]
[Date "2020.08.07"]
[Round "7.11"]
[White "Mirza, Diana"]
[Black "O'Connell, Gerard"]
[Result "0-1"]
[ECO "D02"]
[WhiteElo "1939"]
[BlackElo "2075"]
[Annotator "ChessBase"]
[PlyCount "56"]
[EventDate "2020.08.01"]
[EventType "swiss"]
[EventCountry "IRL"]
[SourceTitle "playchess.com"]
[Source "ChessBase"]
[SourceQuality "1"]
[TimeControl "8100+35"]

1. d4 Nf6 2. Nf3 g6 3. Nbd2 d5 4. b4 Bg7 5. e3 a5 6. b5 c5 7. Bb2 c4 8. a4 Nbd7 9. e4 dxe4 10. Ng5 Nb6 11. Ndxe4 Nxe4 12. Nxe4 Qd5 13. f3 O-O 14. Be2 Rd8 15. c3 f5 16. Nf2 e5 17. dxe5 Bxe5 18. O-O Be6 19. f4 Bxf4 20. Bf3 Qe5 21. Qe1 Bxh2+ 22. Kh1 Bd5 23. Qxe5 Bxe5 24. Rfe1 Re8 25. Re3 Bf4 26. Bxd5+ Nxd5 27. Rxe8+ Rxe8 28. Rd1 Re2 0-1

[Event "Irish Championship 2020"]
[Site "Dublin"]
[Date "2020.08.07"]
[Round "7.12"]
[White "Cafolla, Peter"]
[Black "O`Gorman, Alice"]
[Result "0-1"]
[ECO "D31"]
[WhiteElo "1955"]
[BlackElo "1904"]
[Annotator "ChessBase"]
[PlyCount "68"]
[EventDate "2020.08.01"]
[EventType "swiss"]
[EventCountry "IRL"]
[SourceTitle "playchess.com"]
[Source "ChessBase"]
[SourceQuality "1"]
[TimeControl "8100+35"]

1. d4 d5 2. c4 e6 3. Nc3 c6 4. Nf3 dxc4 5. a4 Bb4 6. e3 b5 7. Be2 Bb7 8. O-O a6 9. Bd2 Nf6 10. Ne5 O-O 11. f4 Bxc3 12. bxc3 Nbd7 13. a5 c5 14. Bf3 Qc7 15. Qc2 Bxf3 16. Rxf3 Rfd8 17. Be1 Rab8 18. Bh4 Rdc8 19. f5 Nxe5 20. dxe5 Qxe5 21. Bg3 Qe4 22. Qxe4 Nxe4 23. Bxb8 Rxb8 24. fxe6 fxe6 25. Rd1 Nxc3 26. Rd7 Nd5 27. e4 Nf6 28. Ra7 b4 29. e5 b3 30. exf6 b2 31. Rxg7+ Kf8 32. Rc7 b1=Q+ 33. Rf1 Qd3 34. f7 c3 0-1

[Event "Irish Championship 2020"]
[Site "Dublin"]
[Date "2020.08.07"]
[Round "7.13"]
[White "Jackson, Carl"]
[Black "Putar, Lara"]
[Result "0-1"]
[ECO "A03"]
[WhiteElo "2021"]
[BlackElo "1834"]
[Annotator "ChessBase"]
[PlyCount "106"]
[EventDate "2020.08.01"]
[EventType "swiss"]
[EventCountry "IRL"]
[SourceTitle "playchess.com"]
[Source "ChessBase"]
[SourceQuality "1"]
[TimeControl "8100+35"]

1. b3 Nf6 2. Bb2 d5 3. e3 g6 4. f4 Bg7 5. Nf3 O-O 6. Be2 c5 7. Ne5 Nc6 8. Nxc6 bxc6 9. O-O a5 10. Bf3 Ba6 11. d3 Qb6 12. Re1 Rfd8 13. Nc3 Qa7 14. Na4 Bb5 15. g4 Bxa4 16. bxa4 c4 17. Qe2 Rab8 18. Be5 Rb4 19. c3 cxd3 20. Qxd3 Rxa4 21. Bd4 c5 22. Bd1 Rc4 23. Be5 a4 24. Be2 a3 25. Qc2 Ra4 26. Rab1 Qd7 27. h3 c4 28. Bf3 e6 29. Rb6 Ne8 30. Reb1 Bxe5 31. fxe5 Ra7 32. h4 Qc7 33. Qf2 Qxe5 34. e4 d4 35. R1b5 Qg7 36. e5 d3 37. Rb8 Rad7 38. Qd2 Nc7 39. Qg5 Qf8 40. Rxd8 Qxd8 41. Qxd8+ Rxd8 42. Rc5 Nd5 43. Rxc4 Rb8 44. Bxd5 exd5 45. Rd4 Rb2 46. Rxd3 Rxa2 47. Rxd5 Rc2 48. Ra5 a2 49. c4 Rc1+ 50. Kf2 a1=Q 51. Rxa1 Rxa1 52. Ke3 Kf8 53. c5 Ra4 0-1

[Event "Irish Championship 2020"]
[Site "Dublin"]
[Date "2020.08.07"]
[Round "7.14"]
[White "Moran, Darragh"]
[Black "Casey, Eoghan"]
[Result "0-1"]
[ECO "B39"]
[WhiteElo "1873"]
[BlackElo "1954"]
[Annotator "ChessBase"]
[PlyCount "60"]
[EventDate "2020.08.01"]
[EventType "swiss"]
[EventCountry "IRL"]
[SourceTitle "playchess.com"]
[Source "ChessBase"]
[SourceQuality "1"]
[TimeControl "8100+35"]

1. d4 Nf6 2. c4 c5 3. Nf3 cxd4 4. Nxd4 Nc6 5. Nc3 g6 6. e4 Bg7 7. Be3 Ng4 8. Qxg4 Nxd4 9. Qd1 Ne6 10. Be2 Qa5 11. Qd2 b6 12. Bg4 Bb7 13. Bxe6 dxe6 14. Rd1 O-O 15. f3 Rfc8 16. O-O Ba6 17. Qd7 Bxc4 18. Rf2 Bxc3 19. bxc3 Qxc3 20. Bh6 Qb4 21. Rfd2 Qc5+ 22. Kh1 f6 23. g4 Kf7 24. Bf4 e5 25. Bg3 Rc7 26. Qa4 Qe3 27. Rd7 Qxf3+ 28. Kg1 b5 29. Qb4 Rxd7 30. Rxd7 Qf1# 0-1